APL (24 & UNDER)
KENOSHA KINGFISH @ SAVANNAH HOGS
07/19/2028
 
TOP OF THE 1ST
Kenosha Kingfish batting - Pitching for Savannah Hogs : RHP Mike Gordon
Pitching: RHP Mike Gordon
Batting: LHB Marvin Nichols 0-0: Ball
1-0: Ball
2-0: Ball
3-0: Called Strike
3-1: Base on Balls
Batting: RHB Ron Campbell 0-0: Called Strike
Marvin Nichols steals 2nd base
0-1: Fly out, F8 (Flyball, 8RM)
Batting: RHB Andrés Bustamante 0-0: Ball
1-0: Called Strike
1-1: Ball
2-1: Ball
3-1: Base on Balls
Batting: RHB Alejandro Ramírez 0-0: Called Strike
0-1: Swinging Strike
0-2: Strikes out swinging
Batting: RHB Millard Ferguson 0-0: Ball
1-0: Ball
2-0: Called Strike
2-1: SINGLE (Flyball, 7S)
Marvin Nichols to third
Andrés Bustamante to second
Runner from 3rd tries for Home, SAFE, no throw
Batting: RHB Juan Escalante 0-0: Called Strike
0-1: Ball
1-1: Ball
2-1: SINGLE (Groundball, 4MD)
Andrés Bustamante to third
Millard Ferguson to second
Runner from 3rd tries for Home, SAFE, throw made home
Millard Ferguson to third
Juan Escalante to second
Batting: LHB Justin McCoy 0-0: Called Strike
0-1: Ball
1-1: Foul Ball, location: 2F
1-2: Ball
2-2: Ball
3-2: Strikes out swinging
Top of the 1st over - 2 run(s), 2 hit(s), 0 error(s), 2 left on base; Kenosha 2 - Savannah 0
BOTTOM OF THE 1ST
Savannah Hogs batting - Pitching for Kenosha Kingfish : LHP Ángel Rodríguez
Pitching: LHP Ángel Rodríguez
Batting: RHB Ramón Gómez 0-0: Ball
1-0: Ball
2-0: SINGLE (Groundball, 56S) (infield hit)
Batting: RHB Marlon Hernández 0-0: Ball
1-0: SINGLE (Groundball, 6MD)
Ramón Gómez to second
Runner from 2nd tries for 3rd, SAFE, no throw
Batting: SHB Juan Soriano 0-0: Grounds into double play, 1-6-3 (Groundball, P)
Batting: RHB Jorge Chávez 0-0: Ball
1-0: Foul Ball, location: 2F
1-1: Ground out 6-3 (Groundball, 6)
Bottom of the 1st over - 0 run(s), 2 hit(s), 0 error(s), 1 left on base; Kenosha 2 - Savannah 0
TOP OF THE 2ND
Kenosha Kingfish batting - Pitching for Savannah Hogs : RHP Mike Gordon
Batting: RHB Ben Kearley 0-0: Called Strike
0-1: Called Strike
0-2: Ball
1-2: Strikes out looking
Batting: RHB David Barker 0-0: Ball
1-0: Fly out, F9 (Flyball, 9LS)
Batting: LHB Marvin Nichols 0-0: SOLO HOME RUN (Flyball, 8RXD), Distance : 424 ft
Batting: RHB Ron Campbell 0-0: Ball
1-0: Called Strike
1-1: Foul Ball, location: 2F
1-2: Foul Ball, location: 2F
1-2: Ball
2-2: Ground out 5-3 (Groundball, 56)
Top of the 2nd over - 1 run(s), 1 hit(s), 0 error(s), 0 left on base; Kenosha 3 - Savannah 0
BOTTOM OF THE 2ND
Savannah Hogs batting - Pitching for Kenosha Kingfish : LHP Ángel Rodríguez
Batting: SHB Juan Chávez 0-0: Ball
1-0: Foul Ball, location: 2F
1-1: Ground out 4-3 (Groundball, 34)
Batting: LHB Miguel Medellín 0-0: Ball
1-0: Foul Ball, location: 2F
1-1: SINGLE (Groundball, 56D)
Batting: RHB José Fajardo 0-0: Ball
1-0: Ball
2-0: Called Strike
2-1: Grounds into double play, 4-6-3 (Groundball, 4M)
Bottom of the 2nd over - 0 run(s), 1 hit(s), 0 error(s), 0 left on base; Kenosha 3 - Savannah 0
TOP OF THE 3RD
Kenosha Kingfish batting - Pitching for Savannah Hogs : RHP Mike Gordon
Batting: RHB Andrés Bustamante 0-0: Foul Ball, location: 2F
0-1: Foul Ball, location: 2F
0-2: Ball
1-2: Ball
2-2: Fly out, F7 (Line Drive, 78S)
Batting: RHB Alejandro Ramírez 0-0: Called Strike
0-1: Ball
1-1: Called Strike
1-2: Strikes out looking
Batting: RHB Millard Ferguson 0-0: Reached on error, E3 (Groundball, 3L)
Batting: RHB Juan Escalante 0-0: Called Strike
0-1: Ball
1-1: Ball
2-1: Called Strike
2-2: Ball
3-2: Strikes out looking
Top of the 3rd over - 0 run(s), 0 hit(s), 1 error(s), 1 left on base; Kenosha 3 - Savannah 0
BOTTOM OF THE 3RD
Savannah Hogs batting - Pitching for Kenosha Kingfish : LHP Ángel Rodríguez
Batting: LHB Marv Gardner 0-0: Called Strike
0-1: Called Strike
0-2: Strikes out swinging
Batting: LHB Guillermo Santos 0-0: Called Strike
0-1: Fly out, F4 (Line Drive, 4)
Batting: RHB Ramón Gómez 0-0: Called Strike
0-1: Fly out, F4 (Popup, 4D)
Bottom of the 3rd over - 0 run(s), 0 hit(s), 0 error(s), 0 left on base; Kenosha 3 - Savannah 0
TOP OF THE 4TH
Kenosha Kingfish batting - Pitching for Savannah Hogs : RHP Mike Gordon
Batting: LHB Justin McCoy 0-0: Called Strike
0-1: Foul Ball, location: 2F
0-2: Foul Ball, location: 2F
0-2: Ground out 4-3 (Groundball, 4)
Batting: RHB Ben Kearley 0-0: SINGLE (Groundball, 4M) (infield hit)
Batting: RHB David Barker 0-0: Fly out, F9 (Flyball, 89M)
Batting: LHB Marvin Nichols 0-0: Foul Ball, location: 2F
0-1: Fly out, F9 (Flyball, 9LMF)
Top of the 4th over - 0 run(s), 1 hit(s), 0 error(s), 1 left on base; Kenosha 3 - Savannah 0
BOTTOM OF THE 4TH
Savannah Hogs batting - Pitching for Kenosha Kingfish : LHP Ángel Rodríguez
Batting: RHB Marlon Hernández 0-0: Ball
1-0: Ball
2-0: Called Strike
2-1: Called Strike
2-2: Ball
3-2: Base on Balls
Batting: SHB Juan Soriano 0-0: Ball
1-0: Called Strike
1-1: Foul Ball, location: 2F
1-2: Fly out, F9 (Line Drive, 89D)
Batting: RHB Jorge Chávez 0-0: Ball
1-0: Ball
2-0: Ball
3-0: Called Strike
3-1: Foul Ball, location: 2F
3-2: SINGLE (Line Drive, 34)
Marlon Hernández to second
Batting: SHB Juan Chávez 0-0: Ball
1-0: Ball
2-0: SINGLE (Flyball, 7S)
Marlon Hernández to third
Jorge Chávez to second
Batting: LHB Miguel Medellín 0-0: Ball
1-0: Ground out 6-3 (Groundball, 56D)
Marlon Hernández scores
Jorge Chávez to third
Juan Chávez to second
Batting: RHB José Fajardo 0-0: Ball
1-0: Ground out 5-3 (Groundball, 56S)
Bottom of the 4th over - 1 run(s), 2 hit(s), 0 error(s), 2 left on base; Kenosha 3 - Savannah 1
TOP OF THE 5TH
Kenosha Kingfish batting - Pitching for Savannah Hogs : RHP Mike Gordon
Batting: RHB Ron Campbell 0-0: Called Strike
0-1: Ball
1-1: Foul Ball, location: 2F
1-2: Ball
2-2: Ball
3-2: Base on Balls
Batting: RHB Andrés Bustamante 0-0: Ball
1-0: Called Strike
1-1: Swinging Strike
1-2: Ball
2-2: Strikes out swinging
Batting: RHB Alejandro Ramírez 0-0: Ball
1-0: Ball
2-0: Ball
3-0: Foul Ball, location: 2F
3-1: TRIPLE (Line Drive, 9LS)
Ron Campbell scores
Pitching: LHP Nathan Armstrong
Batting: RHB Millard Ferguson 0-0: Ground out 4-3 (Groundball, 4)
Batting: RHB Juan Escalante 0-0: Intentional Walk
Batting: LHB Justin McCoy 0-0: Called Strike
0-1: Called Strike
0-2: Foul Ball, location: 2F
0-2: Ball
1-2: Hit by Pitch
Juan Escalante to second
Batting: RHB Ben Kearley 0-0: Foul Ball, location: 2F
0-1: Ball
1-1: Ball
2-1: Swinging Strike
2-2: Ball
3-2: Fly out, F8 (Flyball, 8LM)
Top of the 5th over - 1 run(s), 1 hit(s), 0 error(s), 3 left on base; Kenosha 4 - Savannah 1
BOTTOM OF THE 5TH
Savannah Hogs batting - Pitching for Kenosha Kingfish : LHP Ángel Rodríguez
Batting: LHB Marv Gardner 0-0: Foul Ball, location: 2F
0-1: Ball
1-1: SOLO HOME RUN (Flyball, 7D), Distance : 374 ft
Batting: LHB Guillermo Santos 0-0: Ground out 6-3 (Groundball, 56)
Batting: RHB Ramón Gómez 0-0: Ground out 4-3 (Groundball, 4M)
Batting: RHB Marlon Hernández 0-0: Ball
1-0: Foul Ball, location: 2F
1-1: Ball
2-1: Ground out 6-3 (Groundball, 6M)
Bottom of the 5th over - 1 run(s), 1 hit(s), 0 error(s), 0 left on base; Kenosha 4 - Savannah 2
TOP OF THE 6TH
Kenosha Kingfish batting - Pitching for Savannah Hogs : LHP Nathan Armstrong
Batting: RHB David Barker 0-0: Called Strike
0-1: Ball
1-1: Foul Ball, location: 2F
1-2: DOUBLE (Flyball, 78D)
Batting: LHB Marvin Nichols 0-0: Foul Ball, location: 2F
0-1: Ball
1-1: Ball
2-1: Foul Ball, location: 2F
2-2: Foul Ball, location: 2F
2-2: Strikes out swinging
Batting: RHB Ron Campbell 0-0: Called Strike
0-1: Foul Ball, location: 2F
0-2: Ball
1-2: Strikes out looking
Batting: RHB Andrés Bustamante 0-0: Intentional Walk
Batting: RHB Alejandro Ramírez 0-0: Ball
1-0: Foul Ball, location: 2F
1-1: Ball
2-1: Called Strike
2-2: Foul Ball, location: 2F
2-2: Fly out, F6 (Popup, 6S)
Top of the 6th over - 0 run(s), 1 hit(s), 0 error(s), 2 left on base; Kenosha 4 - Savannah 2
BOTTOM OF THE 6TH
Savannah Hogs batting - Pitching for Kenosha Kingfish : LHP Ángel Rodríguez
Batting: SHB Juan Soriano 0-0: Ground out 4-3 (Groundball, 4)
Batting: RHB Jorge Chávez 0-0: Ball
1-0: Foul Ball, location: 2F
1-1: Called Strike
1-2: Ball
2-2: Strikes out swinging
Batting: SHB Juan Chávez 0-0: Ball
1-0: Ball
2-0: Called Strike
2-1: Ball
3-1: Called Strike
3-2: Strikes out swinging
Bottom of the 6th over - 0 run(s), 0 hit(s), 0 error(s), 0 left on base; Kenosha 4 - Savannah 2
TOP OF THE 7TH
Kenosha Kingfish batting - Pitching for Savannah Hogs : LHP Nathan Armstrong
Batting: RHB Millard Ferguson 0-0: Ball
1-0: Ball
2-0: Ball
3-0: Base on Balls
Batting: RHB Juan Escalante 0-0: Ball
1-0: Fly out, F9 (Flyball, 9S)
Batting: LHB Justin McCoy 0-0: Ball
1-0: Ball
2-0: SINGLE (Line Drive, 34)
Millard Ferguson to second
Runner from 2nd tries for 3rd, SAFE, throw made to third
Pinch Hitting: RHB Rubén Hernández 0-0: Called Strike
0-1: Foul Ball, location: 2F
0-2: Ball
1-2: Ball
2-2: Foul Ball, location: 2F
2-2: Foul Ball, location: 2F
2-2: Reached on error, E2 (Groundball, 15S)
Millard Ferguson scores
Justin McCoy to third
Batting: RHB David Barker 0-0: Intentional Walk
Pinch Hitting: LHB Henry Durham 0-0: Ball
1-0: Ball
2-0: Ball
3-0: Base on Balls
Justin McCoy scores
Rubén Hernández to third
David Barker to second
Batting: RHB Ron Campbell 0-0: Ball
1-0: Ball
2-0: Called Strike
2-1: Ball
3-1: Base on Balls
Rubén Hernández scores
David Barker to third
Henry Durham to second
Pitching: LHP Alan Baca
Batting: RHB Andrés Bustamante 0-0: Ball
1-0: Ball
2-0: Foul Ball, location: 2F
2-1: Ball
3-1: Base on Balls
David Barker scores
Henry Durham to third
Ron Campbell to second
Batting: RHB Alejandro Ramírez 0-0: Foul Ball, location: 2F
0-1: Foul Ball, location: 2F
0-2: Ball
1-2: Strikes out swinging
Batting: RHB Millard Ferguson 0-0: Ball
1-0: DOUBLE (Groundball, 3L)
Henry Durham scores
Ron Campbell scores
Andrés Bustamante to third
Runner from 3rd tries for Home, SAFE, throw made at trailing runner, SAFE at third!
Batting: RHB Juan Escalante 0-0: Ball
1-0: Foul Ball, location: 2F
1-1: Fly out, F8 (Flyball, 8LXD)
Top of the 7th over - 7 run(s), 2 hit(s), 1 error(s), 1 left on base; Kenosha 11 - Savannah 2
BOTTOM OF THE 7TH
Savannah Hogs batting - Pitching for Kenosha Kingfish : LHP Ángel Rodríguez
Now at 1B: Rubén Hernández
Now in RF: Henry Durham
Batting: LHB Miguel Medellín 0-0: Ball
1-0: Ball
2-0: SINGLE (Groundball, 3D)
Batting: RHB José Fajardo 0-0: Called Strike
0-1: Called Strike
0-2: SINGLE (Groundball, 6MD)
Miguel Medellín to second
Batting: LHB Marv Gardner 0-0: Swinging Strike
0-1: Ball
1-1: Ball
2-1: Foul Ball, location: 2F
2-2: Ball
3-2: Fielders Choice at 2nd, 1-6 (Groundball, 13S)
Miguel Medellín to third
Batting: LHB Guillermo Santos 0-0: Fly out, F2 (Popup, 2R)
Batting: RHB Ramón Gómez 0-0: Ball
1-0: Called Strike
1-1: SINGLE (Groundball, 6D)
Miguel Medellín scores
Marv Gardner to second
Pitching: RHP Edwin Manning
Batting: RHB Marlon Hernández 0-0: Swinging Strike
0-1: Ball
1-1: DOUBLE (Flyball, 78D)
Marv Gardner scores
Ramón Gómez to third
Runner from 3rd tries for Home, SAFE, no throw
Batting: SHB Juan Soriano 0-0: Ball
1-0: Foul Ball, location: 2F
1-1: Swinging Strike
1-2: Foul Ball, location: 2F
1-2: Strikes out looking
Bottom of the 7th over - 3 run(s), 4 hit(s), 0 error(s), 1 left on base; Kenosha 11 - Savannah 5
TOP OF THE 8TH
Kenosha Kingfish batting - Pitching for Savannah Hogs : LHP Alan Baca
Batting: LHB Justin McCoy 0-0: Ball
1-0: Called Strike
1-1: Foul Ball, location: 2F
1-2: Ball
2-2: Ball
3-2: Base on Balls
Batting: RHB Rubén Hernández 0-0: Ball
1-0: Ground out 5-3 (Groundball, 56S)
Justin McCoy to second
Batting: RHB David Barker 0-0: Ball
1-0: Ball
2-0: Foul Ball, location: 2F
2-1: Called Strike
2-2: Foul Ball, location: 2F
2-2: Strikes out swinging
Batting: LHB Henry Durham 0-0: Called Strike
0-1: Foul Ball, location: 2F
0-2: SINGLE (Groundball, 34D)
Justin McCoy to third
Runner from 3rd tries for Home, SAFE, no throw
Batting: RHB Ron Campbell 0-0: SINGLE (Groundball, 4MD)
Henry Durham to second
Runner from 2nd tries for 3rd, SAFE, throw made to third
Batting: RHB Andrés Bustamante 0-0: Ball
1-0: Called Strike
1-1: Ball
2-1: Fielders Choice at 2nd, 6-4 (Groundball, 6)
Top of the 8th over - 1 run(s), 2 hit(s), 0 error(s), 1 left on base; Kenosha 12 - Savannah 5
BOTTOM OF THE 8TH
Savannah Hogs batting - Pitching for Kenosha Kingfish : RHP Edwin Manning
Now at 2B: Esteban Ayala
Batting: RHB Jorge Chávez 0-0: Ball
1-0: Ground out 6-3 (Groundball, 56)
Batting: SHB Juan Chávez 0-0: Called Strike
0-1: Foul Ball, location: 2F
0-2: Ball
1-2: Strikes out swinging
Batting: LHB Miguel Medellín 0-0: Ball
1-0: Called Strike
1-1: Ball
2-1: Called Strike
2-2: Ground out 6-3 (Groundball, 6)
Bottom of the 8th over - 0 run(s), 0 hit(s), 0 error(s), 0 left on base; Kenosha 12 - Savannah 5
TOP OF THE 9TH
Kenosha Kingfish batting - Pitching for Savannah Hogs : LHP Alan Baca
Batting: RHB Alejandro Ramírez 0-0: Called Strike
0-1: Ball
1-1: Ball
2-1: Ball
3-1: Base on Balls
Batting: RHB Millard Ferguson 0-0: Called Strike
0-1: Ball
1-1: Foul Ball, location: 2F
1-2: Ball
2-2: Fly out, F4 (Popup, 4MD)
Batting: RHB Juan Escalante 0-0: DOUBLE (Line Drive, 78XD)
Alejandro Ramírez to third
Batting: LHB Justin McCoy 0-0: Called Strike
0-1: Called Strike
0-2: SINGLE (Groundball, 34D)
Alejandro Ramírez scores
Juan Escalante to third
Runner from 3rd tries for Home, SAFE, no throw
Pitching: LHP Ricardo Rosário
Batting: RHB Rubén Hernández 0-0: Foul Ball, location: 2F
0-1: SINGLE (Groundball, 6MD)
Justin McCoy to second
Batting: RHB David Barker 0-0: Called Strike
0-1: Called Strike
0-2: Ball
1-2: Strikes out looking
Batting: LHB Henry Durham 0-0: Called Strike
0-1: Ground out 3-1 (Groundball, 34S)
Top of the 9th over - 2 run(s), 3 hit(s), 0 error(s), 2 left on base; Kenosha 14 - Savannah 5
BOTTOM OF THE 9TH
Savannah Hogs batting - Pitching for Kenosha Kingfish : RHP Edwin Manning
Batting: RHB José Fajardo 0-0: Ball
1-0: Foul Ball, location: 2F
1-1: Foul Ball, location: 2F
1-2: Strikes out swinging
Batting: LHB Marv Gardner 0-0: Foul Ball, location: 2F
0-1: Fly out, F9 (Flyball, 9LSF)
Batting: LHB Guillermo Santos 0-0: Ground out 4-3 (Groundball, 4)
Bottom of the 9th over - 0 run(s), 0 hit(s), 0 error(s), 0 left on base; Kenosha 14 - Savannah 5
Tuesday, August 8th, 2017 - OOTP Baseball 17.12 Build 75